 Dungeon Crawl Stone Soup version 0.32-a0-898-g7811c86cf0 (webtiles) character file.

Game seed: 6418192300848843517

21 Protee the Firebug (level 2, 0/20 HPs)
             Began as a Mountain Dwarf Fire Elementalist on Apr 4, 2024.
             Slain by a hobgoblin (3 damage)
             ... on level 2 of the Dungeon.
             The game lasted 00:02:22 (817 turns).

Protee the Firebug (MDFE)                            Turns: 817, Time: 00:02:23

Health: 0/20       AC:  2    Str: 10    XL:     2   Next: 62%
Magic:  3/5        EV: 11    Int: 15    God:
Gold:   34         SH:  0    Dex: 10    Spells: 4/5 levels left

rFire   . . .        c - +0 long sword
rCold   . . .        (no shield)
rNeg    . . .        a - +0 robe
rPois   .            (no helmet)
rElec   .            (no cloak)
rCorr   .            (no gloves)
SInv    .            (no boots)
Will    .....        (no amulet)
Stlth   ++           (no ring)
HPRegen 0.23/turn    (no ring)
MPRegen 0.09/turn

%: no passive effects
@: no status effects
A: runic magic, artefact enchanting
a: no special abilities


You were on level 2 of the Dungeon.
You visited 1 branch of the dungeon, and saw 2 of its levels.

You collected 34 gold pieces.

Inventory:

Hand Weapons
 c - a +0 long sword (weapon)
Missiles
 h - 3 poisoned darts
Armour
 a - a +0 robe (worn)
Scrolls
 e - a scroll of blinking {unknown}
 f - a scroll of fear {unknown}
 g - 2 scrolls of identify {unknown}
Potions
 b - a potion of magic
 d - a potion of mutation {unknown}


   Skills:
 + Level 1.6 Dodging
 + Level 1.6 Stealth
 + Level 2.0 Spellcasting
 + Level 1.2 Conjurations
 + Level 3.9 Fire Magic


You had 4 spell levels left.
You knew the following spells:

 Your Spells              Type           Power      Damage    Failure   Level
a - Foxfire               Conj/Fire      36%        2x1d5     8%          1

Your spell library contained the following spells:

 Spells                   Type           Power      Damage    Failure   Level
 Scorch                   Fire           26%        2d6       7%          2
 Inner Flame              Hex/Fire       7%         N/A       30%         3
 Volatile Blastmotes      Fire/Tloc      14%        2d11      30%         3
 Call Imp                 Summ           2%         N/A       32%         2
 Sublimation of Blood     Necr           1%         N/A       32%         2
 Flame Wave               Conj/Fire      9%         2d6       58%         4
 Vhi's Electric Charge    Tloc/Air       2%         N/A       91%         4
 Arcjolt                  Conj/Air       1%         1d11      99%         5
 Plasma Beam              Fire/Air       3%         2x1d13    100%        6
 Summon Hydra             Summ           0%         N/A       100%        7


Dungeon Overview and Level Annotations

Branches:
Dungeon (2/15)

Altars:

Shops:
D:1 [


Innate Abilities, Weirdness & Mutations

Your spellcasting is much less encumbered by armour.
You can use scrolls of enchantment on lesser artefacts.


Message History

A hobgoblin is nearby!
Casting: Foxfire (safe; 8% risk of failure)
Confirm with . or Enter, or press ? or * to list all spells.
You conjure some foxfire!
The hobgoblin shouts!
Unknown command.
You closely miss the hobgoblin.
The foxfire hits the hobgoblin.
The hobgoblin is severely wounded.
The foxfire hits the hobgoblin but does no damage.
The hobgoblin is severely wounded.
The hobgoblin barely misses you.
You hit the hobgoblin.
You kill the hobgoblin!
You hit the hobgoblin but do no damage.
The hobgoblin hits you but does no damage.
The hobgoblin hits you.
Casting: Foxfire (safe; 8% risk of failure)
Confirm with . or Enter, or press ? or * to list all spells.
You conjure some foxfire!
The hobgoblin hits you.
Unknown command.
You closely miss the hobgoblin.
The foxfire hits the hobgoblin but does no damage.
The foxfire hits the hobgoblin.
The hobgoblin is heavily wounded.
The hobgoblin hits you.
You closely miss the hobgoblin.
The hobgoblin is heavily wounded.
The hobgoblin closely misses you. The hobgoblin hits you.
You hit the hobgoblin.
The hobgoblin is severely wounded.
The hobgoblin hits you.
* * * LOW HITPOINT WARNING * * *
You closely miss the hobgoblin.
The hobgoblin is severely wounded.
The hobgoblin hits you.
* * * LOW HITPOINT WARNING * * *
Casting: Foxfire (safe; 8% risk of failure)
Confirm with . or Enter, or press ? or * to list all spells.
You conjure some foxfire!
The hobgoblin hits you.
You die...

#.# ### #.####.#
#......#####
#####......#
#.......##.#
########.###.#.##.#
.............#.#..###
#####...vv...........+
......$g@.....#.#..###
...##.###.#.#.#.#..#
#>......#<#.#..#
###.##..###.#..#
#............######
#####..##.##.......
##....#########
####..####
..######.....#


You could see a hobgoblin (ally target).

Vanquished Creatures
  3 endoplasms (D:1)
  3 hobgoblins
  A quokka (D:1)
  A ball python (D:1)
  2 bats (D:1)
  A frilled lizard (D:1)
  3 goblins (D:1)
  2 kobolds (D:1)
  4 rats (D:1)
20 creatures vanquished.

Vanquished Creatures (others)
  10 foxfires
10 creatures vanquished.

Grand Total: 30 creatures vanquished

Notes
Turn   | Place    | Note
-------+----------+-------------------------------------------
     0 | D:1      | Protee the Mountain Dwarf Fire Elementalist began the quest
                  | for the Orb.
     0 | D:1      | Reached XP level 1. HP: 14/14 MP: 3/3
    94 | D:1      | Reached skill level 1 in Conjurations
   166 | D:1      | Reached XP level 2. HP: 20/20 MP: 2/4
   240 | D:1      | Found Jume's Armour Boutique.
   817 | D:2      | Slain by a hobgoblin

Illustrated notes

Levels and vault maps discovered:
D:1:      heliophobic_arrival_battle_scene, layout_rooms, serial_shops, shop
D:2:      layout_basic

Skill      XL: |  1  2 |
---------------+-------+-----
Conjurations   | 1 |  1.2
Spellcasting   | 2 |  2.0
Dodging        | |  1.6
Stealth        | |  1.6
Fire Magic     | |  3.9

Action                     || total
---------------------------++-------
  Melee: Long sword        ||    44
   Cast: Foxfire           ||     7
 Armour: Robe              ||    40
  Dodge: Dodged            ||    31

Table legend: (Time is in decaauts)
 A = Elapsed time spent in this place.
 B = Non-inter-level travel time spent in this place.
 C = Inter-level travel time spent in this place.
 D = Time resting spent in this place.
 E = Time spent auto-exploring this place.
 F = Levels seen in this place.
 G = Mean time per level.
                   A        B        C        D        E       F      G
               +--------+--------+--------+--------+--------+-----+--------+
         Total |    833 |    793 |     40 |      0 |    601 |   2 |  416.5 |
       Dungeon |    833 |    793 |     40 |      0 |    601 |   2 |  416.5 |
               +--------+--------+--------+--------+--------+-----+--------+

Top non-repeatable levels by time:
     D:1: 764 daAuts
     D:2: 69 daAuts
